PA
NEBRASKA PLAINSMEN @ SYRACUSE STORM
08/21/2020
 
TOP OF THE 1ST
Nebraska Plainsmen batting - Pitching for Syracuse Storm : LHP Allen Yohemas
Pitching: LHP Allen Yohemas
Batting: RHB Young-hwan Hyon 0-0: Ball
1-0: Called Strike
1-1: Ball
2-1: Ball
3-1: Foul Ball, location: 2F
3-2: Strikes out swinging
Batting: RHB Miguel Vásquez 0-0: Swinging Strike
0-1: Swinging Strike
0-2: Ball
1-2: Ball
2-2: Foul Ball, location: 2F
2-2: Ball
3-2: Base on Balls
Batting: RHB Jim Unknown 0-0: Foul Ball, location: 2F
0-1: SINGLE (Groundball, 56D)
Miguel Vásquez to second
Batting: RHB Jim Unknown 0-0: Called Strike
0-1: Grounds into double play, 5-4-3 (Groundball, 5)
Top of the 1st over - 0 run(s), 1 hit(s), 0 error(s), 1 left on base; Nebraska 0 - Syracuse 0
BOTTOM OF THE 1ST
Syracuse Storm batting - Pitching for Nebraska Plainsmen : LHP Manuel Rodríguez
Pitching: LHP Manuel Rodríguez
Batting: RHB Pedro Santos 0-0: Ball
1-0: DOUBLE (Groundball, 5L)
Batting: RHB Jarred Morgan 0-0: SINGLE (Groundball, 56D)
Pedro Santos to third
Batting: RHB Scotty Anderson 0-0: Ball
1-0: SINGLE (Line Drive, 6MD)
Pedro Santos scores
Jarred Morgan to second
Batting: LHB Mario Ramos 0-0: SINGLE (Line Drive, 89S)
Jarred Morgan to third
Scotty Anderson to second
Batting: SHB Arnold Cramer 0-0: Swinging Strike
0-1: Ball
1-1: SINGLE (Line Drive, 6MD)
Jarred Morgan scores
Scotty Anderson to third
Mario Ramos to second
Batting: RHB Jorge López 0-0: Called Strike
0-1: Ball
1-1: Called Strike
1-2: Ball
2-2: Foul Ball, location: 2F
2-2: Foul Ball, location: 2F
2-2: Ball
3-2: Fly out, F7 (Flyball, 8LS)
Runner from 3rd tags up, SCORES, no throw
Batting: RHB Juan Salinas 0-0: Ball
1-0: Foul Ball, location: 2F
1-1: Fly out, F8 (Flyball, 8LM)
Batting: LHB Joaquín Rangel 0-0: Ball
1-0: Ball
2-0: Called Strike
2-1: Ball
3-1: Ground out 4-3 (Groundball, 34)
Bottom of the 1st over - 3 run(s), 5 hit(s), 0 error(s), 2 left on base; Nebraska 0 - Syracuse 3
TOP OF THE 2ND
Nebraska Plainsmen batting - Pitching for Syracuse Storm : LHP Allen Yohemas
Batting: RHB Jim Unknown 0-0: Foul Ball, location: 2F
0-1: Ball
1-1: Foul Ball, location: 2F
1-2: Strikes out looking
Batting: RHB Tomás Morán 0-0: Ball
1-0: Called Strike
1-1: Foul Ball, location: 2F
1-2: Foul Ball, location: 2F
1-2: Strikes out swinging
Batting: RHB Jim Unknown 0-0: Called Strike
0-1: Ball
1-1: Foul Ball, location: 2F
1-2: Foul Ball, location: 2F
1-2: Ball
2-2: Ball
3-2: Fly out, F8 (Flyball, 89D)
Top of the 2nd over - 0 run(s), 0 hit(s), 0 error(s), 0 left on base; Nebraska 0 - Syracuse 3
BOTTOM OF THE 2ND
Syracuse Storm batting - Pitching for Nebraska Plainsmen : LHP Manuel Rodríguez
Batting: RHB Carlos Maldonado 0-0: Called Strike
0-1: Foul Ball, location: 2F
0-2: Strikes out swinging
Batting: RHB Pedro Santos 0-0: Swinging Strike
0-1: Foul Ball, location: 2F
0-2: Foul Ball, location: 2F
0-2: Fly out, F8 (Flyball, 8RD)
Batting: RHB Jarred Morgan 0-0: Ball
1-0: Ball
2-0: Foul Ball, location: 2F
2-1: Ball
3-1: Swinging Strike
3-2: Fly out, F8 (Flyball, 8RM)
Bottom of the 2nd over - 0 run(s), 0 hit(s), 0 error(s), 0 left on base; Nebraska 0 - Syracuse 3
TOP OF THE 3RD
Nebraska Plainsmen batting - Pitching for Syracuse Storm : LHP Allen Yohemas
Batting: RHB Jim Unknown 0-0: Called Strike
0-1: Ball
1-1: Ball
2-1: Ball
3-1: Base on Balls
Batting: RHB Jim Unknown 0-0: Called Strike
0-1: Called Strike
0-2: Strikes out swinging
Batting: RHB Young-hwan Hyon 0-0: Called Strike
0-1: Foul Ball, location: 2F
0-2: Ball
1-2: Ball
2-2: Ball
3-2: Foul Ball, location: 2F
3-2: Base on Balls
Jim Unknown to second
Batting: RHB Miguel Vásquez 0-0: Ball
1-0: Called Strike
1-1: Ball
2-1: Ball
3-1: Ground out U3 (Groundball, 3S)
Jim Unknown to third
Young-hwan Hyon to second
Batting: RHB Jim Unknown 0-0: Ball
1-0: Ball
2-0: Called Strike
2-1: DOUBLE (Flyball, 9LS)
Jim Unknown scores
Young-hwan Hyon scores
Batting: RHB Jim Unknown 0-0: Fly out, F8 (Flyball, 8LXD)
Top of the 3rd over - 2 run(s), 1 hit(s), 0 error(s), 1 left on base; Nebraska 2 - Syracuse 3
BOTTOM OF THE 3RD
Syracuse Storm batting - Pitching for Nebraska Plainsmen : LHP Manuel Rodríguez
Batting: RHB Scotty Anderson 0-0: Foul Ball, location: 2F
0-1: Ground out 6-3 (Groundball, 6M)
Batting: LHB Mario Ramos 0-0: Called Strike
0-1: Called Strike
0-2: Ground out 6-3 (Groundball, 6)
Batting: SHB Arnold Cramer 0-0: Ground out 5-3 (Groundball, 56)
Bottom of the 3rd over - 0 run(s), 0 hit(s), 0 error(s), 0 left on base; Nebraska 2 - Syracuse 3
TOP OF THE 4TH
Nebraska Plainsmen batting - Pitching for Syracuse Storm : LHP Allen Yohemas
Batting: RHB Jim Unknown 0-0: Ball
1-0: Ball
2-0: Foul Ball, location: 2F
2-1: Foul Ball, location: 2F
2-2: SINGLE (Line Drive, 6MD)
Batting: RHB Tomás Morán 0-0: Fly out, F8 (Flyball, 8RM)
Batting: RHB Jim Unknown 0-0: Called Strike
0-1: Called Strike
0-2: Ball
1-2: Foul Ball, location: 2F
1-2: Ball
2-2: Strikes out swinging
Batting: RHB Jim Unknown 0-0: Called Strike
0-1: Foul Ball, location: 2F
0-2: Foul Ball, location: 2F
0-2: Ball
1-2: Fly out, F7 (Line Drive, 7M)
Top of the 4th over - 0 run(s), 1 hit(s), 0 error(s), 1 left on base; Nebraska 2 - Syracuse 3
BOTTOM OF THE 4TH
Syracuse Storm batting - Pitching for Nebraska Plainsmen : LHP Manuel Rodríguez
Batting: RHB Jorge López 0-0: Ball
1-0: Ball
2-0: Called Strike
2-1: Called Strike
2-2: Strikes out swinging
Batting: RHB Juan Salinas 0-0: Called Strike
0-1: TRIPLE (Line Drive, 8RD)
Batting: LHB Joaquín Rangel 0-0: Called Strike
0-1: Called Strike
0-2: Strikes out swinging
Batting: RHB Carlos Maldonado 0-0: Foul Ball, location: 2F
0-1: Foul Ball, location: 2F
0-2: Strikes out swinging
Bottom of the 4th over - 0 run(s), 1 hit(s), 0 error(s), 1 left on base; Nebraska 2 - Syracuse 3
TOP OF THE 5TH
Nebraska Plainsmen batting - Pitching for Syracuse Storm : LHP Allen Yohemas
Batting: RHB Jim Unknown 0-0: Called Strike
0-1: Foul Ball, location: 2F
0-2: Strikes out looking
Batting: RHB Young-hwan Hyon 0-0: Swinging Strike
0-1: Ball
1-1: Swinging Strike
1-2: Foul Ball, location: 2F
1-2: Foul Ball, location: 2F
1-2: Strikes out swinging
Batting: RHB Miguel Vásquez 0-0: Ball
1-0: Called Strike
1-1: Foul Ball, location: 2F
1-2: Ball
2-2: Strikes out swinging
Top of the 5th over - 0 run(s), 0 hit(s), 0 error(s), 0 left on base; Nebraska 2 - Syracuse 3
BOTTOM OF THE 5TH
Syracuse Storm batting - Pitching for Nebraska Plainsmen : LHP Manuel Rodríguez
Batting: RHB Pedro Santos 0-0: Foul Ball, location: 2F
0-1: Ball
1-1: Ball
2-1: Ball
3-1: Fly out, F4 (Popup, 4M)
Batting: RHB Jarred Morgan 0-0: Swinging Strike
0-1: Ball
1-1: Foul Ball, location: 2F
1-2: SINGLE (Line Drive, 56D)
Batting: RHB Scotty Anderson 0-0: Ball
Jarred Morgan is caught stealing 2nd base
1-0: Fly out, F6 (Line Drive, 6)
Bottom of the 5th over - 0 run(s), 1 hit(s), 0 error(s), 0 left on base; Nebraska 2 - Syracuse 3
TOP OF THE 6TH
Nebraska Plainsmen batting - Pitching for Syracuse Storm : LHP Allen Yohemas
Batting: RHB Jim Unknown 0-0: Ball
1-0: SINGLE (Line Drive, 78S)
Batting: RHB Jim Unknown 0-0: Ball
1-0: Called Strike
1-1: Foul Ball, location: 2F
1-2: Foul Ball, location: 2F
1-2: Ball
2-2: Foul Ball, location: 2F
2-2: Foul Ball, location: 2F
2-2: Ball
3-2: Fly out, F5 (Line Drive, 56)
Batting: RHB Jim Unknown 0-0: Ball
1-0: Called Strike
1-1: Foul Ball, location: 2F
1-2: Ball
2-2: Foul Ball, location: 2F
2-2: Foul Ball, location: 2F
2-2: Ball
3-2: Foul Ball, location: 2F
3-2: SINGLE (Groundball, 6)
Jim Unknown to second
Jim Unknown to third
Pitching: RHP Paco Hernández
Batting: RHB Tomás Morán 0-0: Ball
1-0: Foul Ball, location: 2F
1-1: Swinging Strike
1-2: Strikes out swinging
Batting: RHB Jim Unknown 0-0: Ball
1-0: Called Strike
1-1: Ball
2-1: Swinging Strike
2-2: Strikes out looking
Top of the 6th over - 0 run(s), 2 hit(s), 0 error(s), 2 left on base; Nebraska 2 - Syracuse 3
BOTTOM OF THE 6TH
Syracuse Storm batting - Pitching for Nebraska Plainsmen : LHP Manuel Rodríguez
Batting: LHB Mario Ramos 0-0: Ball
1-0: Ground out 4-3 (Groundball, 4)
Batting: SHB Arnold Cramer 0-0: Foul Ball, location: 2F
0-1: Called Strike
0-2: Ball
1-2: Foul Ball, location: 2F
1-2: Strikes out looking
Batting: RHB Jorge López 0-0: Called Strike
0-1: Foul Ball, location: 2F
0-2: Ball
1-2: Strikes out looking
Bottom of the 6th over - 0 run(s), 0 hit(s), 0 error(s), 0 left on base; Nebraska 2 - Syracuse 3
TOP OF THE 7TH
Nebraska Plainsmen batting - Pitching for Syracuse Storm : RHP Paco Hernández
Batting: RHB Jim Unknown 0-0: Swinging Strike
0-1: Swinging Strike
0-2: Ball
1-2: Ball
2-2: Strikes out looking
Batting: RHB Jim Unknown 0-0: Ball
1-0: Ball
2-0: Ball
3-0: Base on Balls
Batting: RHB Young-hwan Hyon 0-0: Called Strike
0-1: Called Strike
0-2: Ball
Jim Unknown steals 2nd base
1-2: Strikes out swinging
Batting: RHB Miguel Vásquez 0-0: Foul Ball, location: 2F
0-1: Ball
1-1: Foul Ball, location: 2F
1-2: Ball
2-2: Strikes out swinging
Top of the 7th over - 0 run(s), 0 hit(s), 0 error(s), 1 left on base; Nebraska 2 - Syracuse 3
BOTTOM OF THE 7TH
Syracuse Storm batting - Pitching for Nebraska Plainsmen : LHP Manuel Rodríguez
Batting: RHB Juan Salinas 0-0: Called Strike
0-1: Swinging Strike
0-2: Ball
1-2: Foul Ball, location: 2F
1-2: Fly out, F8 (Line Drive, 8RM)
Batting: LHB Joaquín Rangel 0-0: Ball
1-0: SINGLE (Groundball, 34D) (infield hit)
Batting: RHB Carlos Maldonado 0-0: Called Strike
0-1: Ball
1-1: Ball
2-1: Ball
3-1: Called Strike
3-2: Foul Ball, location: 2F
3-2: SINGLE (Line Drive, 8LS)
Joaquín Rangel to second
Batting: RHB Pedro Santos 0-0: Called Strike
0-1: Called Strike
0-2: Ball
1-2: Ball
2-2: SINGLE (Groundball, 56D)
Joaquín Rangel to third
Carlos Maldonado to second
Runner from 3rd tries for Home, SAFE, no throw or cutoff
Pinch Hitting: SHB Ricardo Franco 0-0: Ball
1-0: Called Strike
1-1: Grounds into double play, 4-6-3 (Groundball, 4)
Bottom of the 7th over - 1 run(s), 3 hit(s), 0 error(s), 1 left on base; Nebraska 2 - Syracuse 4
TOP OF THE 8TH
Nebraska Plainsmen batting - Pitching for Syracuse Storm : RHP Paco Hernández
Now in RF: Ramón Rivera
Batting: RHB Jim Unknown 0-0: Called Strike
0-1: Fly out, F3 (Popup, 3DF)
Batting: RHB Jim Unknown 0-0: Foul Ball, location: 2F
0-1: Foul Ball, location: 2F
0-2: Fly out, F7 (Flyball, 7M)
Batting: RHB Jim Unknown 0-0: Called Strike
0-1: Called Strike
0-2: Ball
1-2: Ball
2-2: Ball
3-2: Strikes out looking
Top of the 8th over - 0 run(s), 0 hit(s), 0 error(s), 0 left on base; Nebraska 2 - Syracuse 4
BOTTOM OF THE 8TH
Syracuse Storm batting - Pitching for Nebraska Plainsmen : LHP Manuel Rodríguez
Batting: RHB Scotty Anderson 0-0: Called Strike
0-1: Swinging Strike
0-2: Strikes out swinging
Batting: LHB Mario Ramos 0-0: Fly out, F8 (Flyball, 8LD)
Batting: SHB Arnold Cramer 0-0: Ball
1-0: Called Strike
1-1: Ground out 6-3 (Groundball, 6M)
Bottom of the 8th over - 0 run(s), 0 hit(s), 0 error(s), 0 left on base; Nebraska 2 - Syracuse 4
TOP OF THE 9TH
Nebraska Plainsmen batting - Pitching for Syracuse Storm : RHP Paco Hernández
Pitching: RHP Truman Valentine
Batting: RHB Tomás Morán 0-0: Ball
1-0: Called Strike
1-1: Ground out 4-3 (Groundball, 4)
Batting: RHB Jim Unknown 0-0: Fly out, F9 (Flyball, 9M)
Batting: RHB Jim Unknown 0-0: Foul Ball, location: 2F
0-1: Called Strike
0-2: Strikes out swinging
Top of the 9th over - 0 run(s), 0 hit(s), 0 error(s), 0 left on base; Nebraska 2 - Syracuse 4
This league is powered by Out of the Park Baseball, the baseball management simulation game for PC, Mac and Linux
Friday, October 23rd, 2015 - OOTP Baseball 16.9 Build 39